 Dungeon Crawl Stone Soup version 0.31-a0-150-g89dc3ad700 (webtiles) character file.

Game seed: 15147879358789891948

125 qw the Shooter (level 4, 0/40 HPs)
             Began as a Minotaur Hunter on June 8, 2023.
             Slain by Grinder (6 damage)
             ... on level 3 of the Dungeon.
             The game lasted 00:00:48 (1587 turns).

qw the Shooter (Minotaur Hunter)                    Turns: 1587, Time: 00:00:49

Health: 0/40       AC:  6    Str: 15    XL:     4   Next: 82%
Magic:  3/3        EV: 11    Int:  6    God:
Gold:   137        SH:  0    Dex: 16    Spells: 3/3 levels left

rFire   . . .        Y - +1 shortbow
rCold   . . .        (shield currently unavailable)
rNeg    . . .        g - +0 ring mail
rPois   .            (helmet restricted)
rElec   .            (no cloak)
rCorr   .            c - +0 pair of gloves
SInv    .            (no boots)
Will    .....        b - amulet of the acrobat
Stlth   +            (no ring)
HPRegen 0.26/turn    (no ring)
MPRegen 0.08/turn

%: acrobat
@: no status effects
A: horns 2, retaliatory headbutt
a: no special abilities


You were on level 3 of the Dungeon.
You visited 1 branch of the dungeon, and saw 3 of its levels.

You collected 137 gold pieces.


Innate Abilities, Weirdness & Mutations

You have a pair of horns on your head.
You reflexively headbutt those who attack you in melee.


   Skills:
 + Level 3.9 Fighting
 - Level 6.0 Ranged Weapons
 - Level 1.2 Armour
 - Level 2.1 Dodging
 - Level 0.7 Stealth


You had 3 spell levels left.
You didn't know any spells.
Your spell library was empty.

Inventory:

Hand Weapons
 Y - a +1 shortbow (weapon)
Armour
 c - a +0 pair of gloves (worn)
 e - a +0 pair of boots
 g - a +0 ring mail (worn)
Jewellery
 b - an amulet of the acrobat (around neck)
 d - an amulet of magic regeneration
 j - a ring of fire
Potions
 a - a potion of berserk rage {unknown}
 i - 2 potions of heal wounds {unknown}
 k - a potion of curing
 l - a potion of enlightenment {unknown}

Dungeon Overview and Level Annotations

Branches:
Dungeon (3/15)

Altars:

Annotations:
D:3 Grinder


Message History

Enter note:
Enter note:
Enter note: You shoot an arrow.
The arrow hits Grinder but does no damage.
You shoot an arrow. The arrow hits Grinder!
Grinder is moderately wounded.
Grinder zaps a wand.
The puff of flame hits you.
You shoot an arrow. The arrow closely misses Grinder.
Grinder zaps a wand.
The puff of flame misses you.
You shoot an arrow. The arrow barely misses Grinder.
Grinder blinks!
Grinder hits you but does no damage.
You shoot an arrow. The arrow barely misses Grinder.
Grinder gestures at you. Pain shoots through your body!
You shoot an arrow. The arrow closely misses Grinder.
Grinder gestures at you. You resist with significant effort.
You shoot an arrow. The arrow barely misses Grinder.
Grinder hits you!
You writhe in agony.
You shoot an arrow. The arrow hits Grinder.
Grinder is moderately wounded.
Grinder hits you.
You writhe in agony.
You shoot an arrow. The arrow barely misses Grinder.
Grinder misses you. Grinder hits you but does no damage.
You shoot an arrow.
The arrow hits Grinder but does no damage.
Grinder is moderately wounded.
Grinder blinks!
You shoot an arrow. The arrow hits Grinder.
Grinder is moderately wounded.
You shoot an arrow. The arrow closely misses Grinder.
Grinder gestures at you. Pain shoots through your body!
You shoot an arrow. The arrow hits Grinder!
Grinder is heavily wounded.
You shoot an arrow. The arrow hits Grinder!
Grinder is severely wounded.
Grinder hits you.
You die...

#.#.# #.##.#
#.#(# #.##.#
#.#.# #.##.# #.#
#.##.# .# ###
#.##.###########
...!
#.##.##.........
.....
#.##.##.########
......###.##.##.#
......5@........#
.....<.......####
......########
...... #####


You could see Grinder.

Vanquished Creatures
  Natasha (D:2)
  3 adders
  A worm (D:3)
  2 dart slugs (D:1)
  7 endoplasms
  3 giant cockroaches
  6 goblins
  4 hobgoblins
  8 jackals
  3 kobolds
  A quokka (D:2)
  6 ball pythons
  7 bats
  4 frilled lizards
  5 rats
61 creatures vanquished.

Notes
Turn   | Place    | Note
-------+----------+-------------------------------------------
     0 | D:1      | qw the Minotaur Hunter began the quest for the Orb.
     0 | D:1      | Reached XP level 1. HP: 18/18 MP: 0/0
     0 | D:1      | 0 ||| qw: Version: 0.2-a-119-g7aa9181
     0 | D:1      | 0 ||| qw: Game counter: 2851
     0 | D:1      | 0 ||| qw: Always use a shield: true
     0 | D:1      | 0 ||| qw: God list: Okawaru
     0 | D:1      | 0 ||| qw: Allow faded altars: false
     0 | D:1      | 0 ||| qw: Do Orc after D:15 true
     0 | D:1      | 0 ||| qw: Do second Lair branch before Depths: true
     0 | D:1      | 0 ||| qw: Lair rune preference: random
     0 | D:1      | 0 ||| qw: Plans: Normal
     0 | D:1      | 0 ||| PLANNING D:1-11
    43 | D:1      | Reached XP level 2. HP: 12/25 MP: 1/1
    45 | D:1      | Reached skill level 5 in Ranged Weapons
    52 | D:1      | 52 ||| FLEEEEING.
    53 | D:1      | 53 ||| FLEEEEING.
    54 | D:1      | 54 ||| FLEEEEING.
   228 | D:1      | Reached skill level 3 in Fighting
   273 | D:1      | Reached XP level 3. HP: 31/31 MP: 2/2
   528 | D:1      | 528 ||| UPGRADING to +0 ring mail.
   538 | D:1      | 538 ||| DROPPING +0 leather armour.
   539 | D:1      | 539 ||| READING scroll labelled HUN FISOSSOVIM.
   540 | D:1      | 540 ||| READING scroll labelled HIRUNW FAINWE.
   541 | D:1      | 541 ||| READING scroll labelled DYM DADETAEQEASUDGH.
   595 | D:1      | 595 ||| DRINKING 2 lumpy amethyst potions.
   596 | D:1      | 596 ||| DROPPING scroll of butterflies.
   597 | D:1      | 597 ||| DROPPING potion of attraction.
   624 | D:2      | Reached skill level 1 in Armour
   936 | D:2      | Noticed Natasha
   942 | D:2      | Killed Natasha
   943 | D:2      | Reached skill level 6 in Ranged Weapons
   943 | D:2      | Reached XP level 4. HP: 31/38 MP: 3/3
  1096 | D:2      | 1096 ||| UPGRADING to +0 pair of gloves.
  1101 | D:2      | 1101 ||| UPGRADING to amulet of the acrobat.
  1106 | D:2      | 1106 ||| READING scroll labelled IRYOPP QECREKK.
  1107 | D:2      | 1107 ||| READING scroll labelled ELEFAKL IGILE.
  1108 | D:2      | 1108 ||| READING scroll labelled KOEMEG DEXTETE.
  1109 | D:2      | 1109 ||| DRINKING 2 smoky pink potions.
  1111 | D:2      | 1111 ||| Stepping ~*~*~tactically~*~*~ (cloud).
  1573 | D:3      | Noticed Grinder
  1585 | D:3      | HP: 5/40 [Grinder/nerve-wracking pain (13)]
  1587 | D:3      | Slain by Grinder

Levels and vault maps discovered:
D:1:      amcnicky_arrival_gap_in_the_tavern_cellar, layout_basic, minmay_vboxes
D:2:      layout_rooms, uniq_natasha
D:3:      layout_loops_ring, minmay_box_of_dots, uniq_grinder

Skill      XL: |  1  2  3 |
---------------+----------+-----
Ranged Weapons | 5 6 |  6.0
Fighting       | 3 |  3.9
Armour         | 1 |  1.2
Dodging        | |  2.1
Stealth        | |  0.7

Action                     |  1- 3 |  4- 6 || total
---------------------------+-------+-------++-------
   Fire: Shortbow          |   111 |    46 ||   157
    Use: Scroll            |     3 |     3 ||     6
         Potion            |     1 |     1 ||     2
 Armour: Leather armour    |    11 |       ||    11
         Ring mail         |    12 |     2 ||    14
  Dodge: Dodged            |    39 |     3 ||    42

Table legend:
 A = Non-vault XP
 B = Vault XP
 C = Vault XP percentage of total XP
 D = Non-vault monster count
 E = Vault monster count
 F = Vault count percentage of total count
                 A         B        C        D         E       F
            +---------+---------+-------+---------+---------+-------
      Total |     120 |      59 |  33.0 |      52 |       9 |  14.8
            +---------+---------+-------+---------+---------+-------
        D:1 |      50 |       8 |  13.8 |      25 |       6 |  19.4
        D:2 |      41 |      36 |  46.8 |      17 |       1 |   5.6
        D:3 |      29 |      15 |  34.1 |      10 |       2 |  16.7
            +---------+---------+-------+---------+---------+-------
